 Dungeon Crawl Stone Soup version 0.16-a0-223-g37887f7 (webtiles) character file.

14000 MRaven the Carver (level 11, -7/89 HPs)
             Began as a Demonspawn Chaos Knight on Aug 19, 2014.
             Was a Plaything of Xom.
             Killed from afar by an efreet (28 damage)
             ... with a fireball
             ... on Level 1 of the Abyss.
             The game lasted 01:06:33 (18397 turns).

MRaven the Carver (Demonspawn Chaos Knight)        Turns: 18397, Time: 01:06:33

HP  -7/89        AC  9     Str 16      XL: 11   Next: 83%
MP  21/21        EV 17     Int 14      God: Xom
Gold 772         SH  0     Dex 17      Spells:  1 memorised, 11 levels left

rFire  . . .     SeeInvis .     a - +3 falchion (chaos)
rCold  . . .     Clarity  .     A - +2 leather armour of Liberty {+Inv rElec}
rNeg   . . .     rCorr    .     (no shield)
rPois  +         rRot     .     N - +2 hat
rElec  +         Spirit   .     X - +0 cloak {+Inv}
SustAb .         Warding  .     (no gloves)
rMut   .         Stasis   .     J - +0 pair of boots (curse)
Gourm  +                        k - amulet of the gourmand
MR     .....                    H - ring "Schennyff" {Dex+5 Slay+4}
                                i - ring of poison resistance

@: very slightly contaminated, hasted, very quick, not resistant to hostile
enchantments, very unstealthy
A: horns 1, talons 2, demonic guardian 2, spiny 2
a: Renounce Religion, Evoke Invisibility


You were on level 1 of the Abyss.
You worshipped Xom.
You were a special plaything of Xom.
You were full.

You visited 2 branches of the dungeon, and saw 13 of its levels.
You visited the Abyss 1 time.
You also visited: Labyrinth.

You collected 915 gold pieces.
You spent 143 gold pieces at shops.

Inventory:

Hand weapons
 a - a +3 falchion of chaos (weapon)
 s - a +0 blowgun
Missiles
 t - 23 poisoned needles
Armour
 x - a +0 plate armour of fire resistance
 A - the +2 leather armour of Liberty (worn) {+Inv rElec}
   (You found it on level 5 of the Dungeon)

   It insulates you from electricity.
   It lets you turn invisible.
 J - a cursed +0 pair of boots (worn)
 N - a +2 hat (worn)
 X - a +0 cloak of darkness (worn)
Magical devices
 u - a wand of lightning (1)
 S - a wand of draining (6)
 W - a wand of fire (8)
Comestibles
 c - 11 bread rations
 d - 9 meat rations
 h - 5 beef jerkies
 n - a slice of pizza
 p - 44 fruits
 D - 2 chunks of blink frog flesh
Scrolls
 b - a scroll of acquirement {unknown}
 e - a scroll of magic mapping
 f - 4 scrolls of amnesia
 g - 2 scrolls of identify
 q - 7 scrolls of remove curse
 r - a scroll of fog
 w - 2 scrolls of enchant armour
 y - 7 scrolls of teleportation
 I - 3 scrolls of enchant weapon
Jewellery
 i - a ring of poison resistance (left hand)
 j - an uncursed ring of wizardry
 k - an amulet of the gourmand (around neck)
 o - an uncursed ring of sustain abilities
 v - an uncursed ring of positive energy
 z - a +6 ring of protection
 H - the ring "Schennyff" (right hand) {Dex+5 Slay+4}
   (You found it on level 10 of the Dungeon)

   [ring of dexterity]

   It affects your dexterity (+5).
   It affects your accuracy and damage with ranged weapons and melee attacks
   (+4).
 M - a +2 ring of intelligence
Potions
 l - 2 potions of agility
 m - 3 potions of restore abilities
 B - a potion of haste
 C - a potion of heal wounds
 E - 2 potions of might
 G - 2 potions of curing
 L - a potion of brilliance
 Q - a potion of cancellation
 T - 2 potions of invisibility
 V - 2 potions of magic
Books
 K - a book of the Warp

   Spells                             Type                      Level
   Control Teleport                   Charms/Translocation         4
   Phase Shift                        Translocation                5
   Warp Weapon                        Charms/Translocation         5
   Dispersal                          Translocation                6
   *Controlled Blink                  Translocation                7
   Disjunction                        Translocation                8
Miscellaneous
 F - a box of beasts
Rods
 R - a +3 rod of clouds (14/14)
   (You found it in a labyrinth)


   Skills:
 + Level 9.5 Fighting
 - Level 10.0 Long Blades
 - Level 1.8 Armour
 + Level 8.6 Dodging
 + Level 4.1 Spellcasting
 + Level 5.6 Translocations
 - Level 6.3 Evocations


You had 11 spell levels left.
You knew the following spells:

 Your Spells              Type           Power        Failure   Level  Hunger
a - Controlled Blink      Tloc           N/A          100%        7    #######


Dungeon Overview and Level Annotations

Branches:
Dungeon (10/15)            Temple (0/1) D:5             Orc (0/4) D:10
   Lair (3/8) D:10         Spider (0/5) Lair:3
  Swamp: Lair:3-6    Shoals: Lair:3-6

Altars:
Cheibriados
Elyvilon
Fedhas
Kikubaaqudgha
Makhleb
Qazlal
Vehumet
Xom
Zin
The Shining One

Shops:
D:6 *   D:8 [


Innate Abilities, Weirdness & Mutations

You have razor-sharp toenails.
A demonic guardian rushes to your aid.
You are mostly covered in sharp spines.
You have a pair of small horns on your head.


Message History

Your smoke demon barely misses the efreet.
Your smoke demon hits the efreet.
Your smoke demon hits the efreet but does no damage.
Found an ice dragon armour.
The efreet throws fire at you.
The fireball explodes!
The fireball engulfs you!
* * * LOW HITPOINT WARNING * * *
Xom roars with laughter!
Drink which item? (? for menu, Esc to quit)
You feel much better.
A chaos spawn comes into view.
The chaos spawn trumpets!
The ynoxinul hits your smoke demon but does no damage.
Drink which item? (? for menu, Esc to quit)
You feel yourself speed up.
You are very lightly contaminated with residual magic.
An insubstantial wisp comes into view.
The efreet throws fire at you.
The fireball explodes!
The fireball engulfs you!
You die...

# ..# ≈≈# #.. ≈≈≈≈##
..# . #≈≈≈≈..#.. ..##
#≈≈≈....##.#...#
.≈≈..#....#.#.#
#3#...#.#.#..
####..#@..#.#.##
#..###.3#..#..## ###. .
#[...#....# ## # .
#.v..#..##§#.#.... #
....# . #..R§33§###.##.
. . #
....##.#....##....#....
.#. ...# ##.#.#....
......# .#. #.
...#####..#..3..### .#
#..# # #. #.#...#.. #


You could see an efreet, a ynoxinul, a friendly ice devil and a friendly smoke
demon.

Vanquished Creatures
  A spiny frog (Lair:1)
  2 fire drakes (Lair:3)
  A two-headed ogre (D:10)
  3 blink frogs
  A basilisk (Lair:1)
  A hill giant zombie (D:7)
  3 hippogriffs
  2 vampire mosquitoes (D:9)
  2 wargs (D:10)
  A hungry ghost (D:7)
  3 water moccasins
  A steam dragon (D:9)
  The ghost of MBison the Ruinous, an average TeWz (D:4)
  2 orc warriors
  4 ogres
  3 ice beasts
  2 sky beasts
  4 porcupines
  3 spiders (Lair:3)
  4 crocodiles
  2 centaurs
  A necrophage (D:7)
  A big kobold (D:8)
  10 giant frogs
  An eye of draining (D:10)
  4 scorpions
  3 wights (D:10)
  3 crimson imps
  3 jellies
  4 goliath beetles
  3 orc priests
  13 hounds
  2 centaur skeletons
  A giant frog skeleton (D:4)
  7 iguanas
  5 orc wizards
  7 worker ants
  A crocodile zombie (D:9)
  3 gnolls (D:7)
  24 green rats
  A scorpion zombie (D:5)
  11 adders
  2 shadow imps
  A giant mite (D:5)
  4 worms
  A worm (shapeshifter) (Lair:3)
  An ufetubus (Abyss:1)
  2 adder skeletons
  A giant eyeball (D:6)
  5 giant geckos
  38 orcs
  16 bats
  A bat zombie (D:5)
  4 giant cockroaches
  14 hobgoblins
  17 jackals
  15 kobolds
  10 quokkas
  2 giant newts
  A giant spore (D:10)
  13 goblins
  A goblin skeleton (D:4)
  A hobgoblin skeleton (D:5)
  A jackal (shapeshifter) (D:7)
  A jackal skeleton (D:8)
  An orc zombie (D:8)
  14 rats
  3 spectral orcs (Lair:3)
  8 ballistomycetes (D:10)
332 creatures vanquished.

Vanquished Creatures (collateral kills)
  Gastronok (Lair:1)
  A minotaur (Lab)
  A hydra (Lair:1)
  The ghost of oblong the Spear-Bearer, an experienced FoFi of Zin (D:9)
  Nergalle (Lair:3)
  2 hill giants (D:10)
  An ugly thing (D:10)
  An item mimic (D:8)
  A spiny frog (Lair:3)
  A komodo dragon (Lair:2)
  A minotaur zombie (Lab)
  A blink frog (Lair:2)
  A hippogriff (D:7)
  Eustachio (D:10)
  6 yaks (D:9)
  2 vampire mosquitoes (D:9)
  5 wargs (D:10)
  2 sky beasts
  4 spiders (Lair:3)
  An ice beast (D:5)
  An orc warrior (D:10)
  An ogre (D:4)
  Sigmund (D:6)
  Blork the orc (D:6)
  A giant frog (Lair:1)
  4 killer bees (D:8)
  2 goliath beetles
  2 orc priests
  A centaur skeleton (D:10)
  6 orc wizards
  An adder (D:6)
  7 green rats
  An ufetubus (Abyss:1)
  2 orcs
  2 hobgoblins (D:9)
  2 quokkas
  A goblin (D:4)
71 creatures vanquished.

Vanquished Creatures (others)
  A soul eater (Lair:2)
  5 ice devils
  4 sun demons
  4 sixfirhies
  3 smoke demons
  A fire drake zombie (Lair:3)
  3 iron imps
  A white imp (D:3)
  A fungus (Lair:3)
  4 toadstools (D:1)
27 creatures vanquished.

Grand Total: 430 creatures vanquished

Notes
Turn   | Place    | Note
--------------------------------------------------------------
     0 | D:1      | MRaven, the Demonspawn Chaos Knight, began the quest for the Orb.
     0 | D:1      | Reached XP level 1. HP: 18/18 MP: 1/1
    32 | D:1      | XOM: divination: detect creatures
   217 | D:1      | Gained mutation: You have sharp toenails. [demonic ancestry]
   217 | D:1      | Reached XP level 2. HP: 16/24 MP: 2/2
   559 | D:1      | Reached skill level 1 in Dodging
  1064 | D:1      | XOM: god gift: 21 gold pieces
  1146 | D:1      | Gained mutation: You have a pair of small horns on your head. [potion of beneficial mutation]
  1260 | D:2      | XOM: mild Necr miscast
  1324 | D:2      | XOM: divination: magic mapping
  1458 | D:2      | XOM: harmless Tloc miscast
  1499 | D:2      | Gained mutation: A weak demonic guardian rushes to your aid. [demonic ancestry]
  1499 | D:2      | Reached XP level 3. HP: 25/29 MP: 3/3
  1603 | D:2      | XOM: divination: detect creatures
  1803 | D:2      | XOM: harmless Chrm miscast
  1904 | D:2      | XOM: colour smoke trail
  1947 | D:2      | XOM: vitrification
  1993 | D:2      | Found a blossoming altar of Fedhas.
  2319 | D:3      | XOM: scenery: 1 doors close
  2449 | D:3      | XOM: 4-stop teleportation journey
  2519 | D:3      | Reached XP level 4. HP: 25/35 MP: 4/4
  2521 | D:3      | XOM: silly message
  2604 | D:3      | Reached skill level 4 in Long Blades
  2745 | D:3      | XOM: 6-stop teleportation journey
  3057 | D:4      | Noticed MBison's ghost (average TeWz)
  3076 | D:4      | Killed MBison's ghost
  3076 | D:4      | Gained mutation: You are partially covered in sharp spines. [demonic ancestry]
  3076 | D:4      | Reached XP level 5. HP: 30/42 MP: 5/5
  3197 | D:4      | Gained mutation: A demonic guardian rushes to your aid. [demonic ancestry]
  3197 | D:4      | Reached XP level 6. HP: 32/48 MP: 6/6
  3303 | D:4      | Got a crude robe
  3314 | D:4      | Identified the +1 robe of the Valley {Str+3 Int+5} (You found it on level 4 of the Dungeon)
  3325 | D:4      | Reached skill level 5 in Long Blades
  3334 | D:4      | Found an ancient bone altar of Kikubaaqudgha.
  3760 | D:4      | XOM: vitrification
  3998 | D:4      | Noticed an ogre
  4005 | D:4      | Killed an ogre
  4019 | D:4      | XOM: vitrification
  4241 | D:4      | Reached XP level 7. HP: 44/55 MP: 7/7
  4269 | D:4      | XOM: vitrification
  4340 | D:5      | Entered Level 5 of the Dungeon
  4512 | D:5      | XOM: god gift: 2 scrolls labeled PEEB BROUQA
  4560 | D:5      | Got a smoking leather armour
  4569 | D:5      | Reached skill level 6 in Long Blades
  4691 | D:5      | XOM: 1-stop teleportation journey
  4827 | D:5      | Identified the +2 leather armour of Liberty {+Inv rElec} (You found it on level 5 of the Dungeon)
  5039 | D:5      | XOM: fake destruction
  5206 | D:5      | XOM: 7-stop teleportation journey
  5243 | D:5      | Reached skill level 5 in Fighting
  5264 | D:5      | Noticed an iron devil
  5289 | D:5      | XOM: god gift: gnarled glowing rod {god gift}
  5387 | D:5      | Found a staircase to the Ecumenical Temple.
  5563 | D:5      | XOM: colour smoke trail
  5687 | D:5      | Found a burning altar of Makhleb.
  5849 | D:5      | Noticed an angel
  5949 | D:5      | XOM: give mutations
  5949 | D:5      | Gained mutation: You passively map a small area around you. [Xom's mischief]
  5949 | D:5      | Gained mutation: Armour fits poorly on your strangely shaped body. [Xom's mischief]
  6152 | D:5      | Found a stormy altar of Qazlal.
  6310 | D:5      | XOM: medium Trmt miscast
  6339 | D:5      | Gained mutation: You are mostly covered in sharp spines. [demonic ancestry]
  6339 | D:5      | Reached XP level 8. HP: 49/62 MP: 8/8
  6370 | D:5      | XOM: vitrification
  6426 | D:6      | XOM: stealth player
  6454 | D:6      | Noticed Edmund
  6455 | D:6      | Noticed Edmund
  6455 | D:6      | Edmund changed into Edmund the giant eyeball
  6455 | D:6      | XOM: polymorph Edmund -> Edmund the giant eyeball
  6461 | D:6      | Killed Edmund the giant eyeball
  6481 | D:6      | Reached skill level 7 in Long Blades
  6521 | D:6      | Noticed Sigmund
  6524 | D:6      | Killed Sigmund
  6538 | D:6      | Found Ilexe's Assorted Antiques.
  6573 | D:6      | Bought a scroll labeled GUFETHUTIENO for 26 gold pieces
  6573 | D:6      | Bought a scroll labeled QOLUNE BORA for 26 gold pieces
  6573 | D:6      | Bought a scroll labeled CENATA VATAAXE for 26 gold pieces
  6573 | D:6      | Bought a potion of agility for 65 gold pieces
  6729 | D:6      | XOM: 5-stop teleportation journey
  6896 | D:6      | XOM: god gift: box of beasts
  6961 | D:6      | Noticed Blork the orc
  6968 | D:6      | Killed Blork the orc
  6997 | D:6      | XOM: 2-stop teleportation journey
  7283 | D:6      | XOM: divination: detect creatures
  7384 | D:7      | Reached skill level 8 in Long Blades
  7459 | D:7      | XOM: cast spell 'Dragon Form'
  7718 | D:7      | XOM: medium Chrm miscast
  7729 | D:7      | XOM: noise
  7746 | D:7      | Reached skill level 5 in Dodging
  8038 | D:7      | XOM: divination: detect items
  8087 | D:7      | Reached XP level 9. HP: 67/71 MP: 9/9
  8136 | D:7      | XOM: harmless Tloc miscast
  8137 | D:7      | XOM: god gift: runed plate armour {god gift}
  8212 | D:7      | XOM: cast spell 'Call Canine Familiar'
  8387 | D:7      | XOM: polymorph warg -> human
  8753 | D:7      | XOM: vitrification
  9070 | D:8      | Found a radiant altar of Vehumet.
  9073 | D:8      | Found a blossoming altar of Fedhas.
  9076 | D:8      | Found a snail-covered altar of Cheibriados.
  9079 | D:8      | Found a glowing golden altar of the Shining One.
  9110 | D:8      | Found a glowing silver altar of Zin.
  9111 | D:8      | Found a white marble altar of Elyvilon.
  9345 | D:8      | XOM: give mutations
  9345 | D:8      | Gained mutation: You have a pair of horns on your head. [Xom's grace]
  9345 | D:8      | Gained mutation: You are agile. (Dex +2) [Xom's grace]
  9418 | D:8      | Found Triazyrgh's Antique Armour Shoppe.
  9444 | D:8      | Reached skill level 9 in Long Blades
  9542 | D:8      | XOM: cast spell 'Summon Butterflies'
  9731 | D:8      | Killed a pile of gold mimic
 10030 | D:8      | XOM: god gift: long copper wand {god gift}
 10058 | D:8      | XOM: enchant monster (good)
 10296 | D:8      | XOM: silly message
 10302 | D:8      | XOM: mild Necr miscast
 10562 | D:9      | XOM: noise
 10986 | D:9      | Gained mutation: You have razor-sharp toenails. [demonic ancestry]
 10986 | D:9      | Reached XP level 10. HP: 55/80 MP: 10/10
 11023 | D:9      | XOM: mild Chrm miscast
 11162 | D:9      | XOM: 1-stop teleportation journey
 11177 | D:9      | XOM: enchant monster (good)
 11190 | D:9      | Reached skill level 10 in Long Blades
 11285 | D:9      | Noticed oblong's ghost (experienced FoFi)
 11298 | D:9      | Killed oblong's ghost
 11470 | D:9      | XOM: harmless Fire miscast
 11490 | D:9      | XOM: harmless Erth miscast
 11775 | D:9      | Learned a level 7 spell: Controlled Blink
 11932 | D:9      | XOM: confusion
 12210 | D:9      | XOM: colour smoke trail
 12362 | D:9      | XOM: silly message
 12389 | D:9      | XOM: medium Hex miscast
 12486 | D:9      | XOM: mild Divn miscast
 12595 | D:10     | Entered Level 10 of the Dungeon
 12595 | D:10     | Noticed a brown ugly thing
 12601 | D:10     | Killed a brown ugly thing
 12601 | D:10     | Reached skill level 5 in Evocations
 12603 | D:10     | Noticed a hill giant
 12606 | D:10     | Noticed Eustachio
 12606 | D:10     | Killed a hill giant
 12622 | D:9      | XOM: confuse monster(s)
 12817 | D:10     | XOM: confuse monster(s)
 12827 | D:10     | XOM: 1-stop teleportation journey
 12838 | D:10     | Killed Eustachio
 13159 | D:9      | XOM: silly message
 13212 | D:9      | XOM: medium Conj miscast
 13273 | D:9      | XOM: colour smoke trail
 13477 | D:10     | Found a staircase to the Orcish Mines.
 13484 | D:10     | XOM: noise
 13755 | D:10     | Got an ancient lead ring
 13755 | D:10     | XOM: noise
 13892 | D:10     | XOM: confusion
 13960 | D:10     | XOM: mild Tloc miscast
 14049 | D:10     | Reached skill level 1 in Translocations
 14111 | D:10     | Found a staircase to the Lair.
 14140 | D:10     | Noticed a hill giant
 14150 | D:10     | Killed a hill giant
 14150 | D:10     | Reached skill level 1 in Spellcasting
 14150 | D:10     | Reached XP level 11. HP: 89/89 MP: 20/20
 14169 | D:10     | XOM: mild Hex miscast
 14441 | D:9      | XOM: colour smoke trail
 14475 | D:10     | XOM: god gift: 16 gold pieces
 14476 | D:10     | XOM: medium Tloc miscast
 14659 | Lair:1   | Entered Level 1 of the Lair of Beasts
 14907 | Lair:1   | Noticed Gastronok
 14918 | Lair:1   | XOM: mild Chrm miscast
 14986 | Lair:1   | XOM: scenery: create altars
 15048 | Lair:1   | XOM: silly message
 15270 | Lair:1   | Killed Gastronok
 15447 | Lair:1   | Noticed an eight-headed hydra
 15486 | Lair:1   | Killed an eight-headed hydra
 15492 | Lair:1   | Identified the ring "Schennyff" {Dex+5 Slay+4} (You found it on level 10 of the Dungeon)
 16038 | Lair:1   | XOM: swap monsters
 16190 | Lair:1   | Lost mutation: You have a pair of horns on your head. [potion of cure mutation]
 16190 | Lair:1   | Lost mutation: Armour fits poorly on your strangely shaped body. [potion of cure mutation]
 16190 | Lair:1   | Lost mutation: You are agile. (Dex +2) [potion of cure mutation]
 16190 | Lair:1   | Lost mutation: You passively map a small area around you. [potion of cure mutation]
 16264 | Lair:2   | Found a labyrinth entrance.
 16274 | Lab      | Entered a labyrinth
 16447 | Lab      | Noticed a minotaur
 16453 | Lab      | Killed a minotaur
 16476 | Lab      | XOM: colour smoke trail
 16765 | Lair:2   | XOM: harmless Divn miscast
 17065 | Lair:2   | XOM: noise
 17176 | Lair:2   | XOM: medium Necr miscast
 17509 | Lair:3   | XOM: harmless Hex miscast
 17621 | Lair:3   | Noticed Nergalle
 17622 | Lair:3   | XOM: enchant monster (bad)
 17632 | Lair:3   | Killed Nergalle
 17632 | Lair:3   | Reached skill level 5 in Translocations
 17708 | Lair:3   | Found a hole to the Spider Nest.
 18014 | Lair:3   | XOM: harmless Summ miscast
 18316 | Lair:3   | XOM: medium Tloc miscast
 18316 | Lair:3   | Cast into the Abyss (the capriciousness of Xom)
 18333 | Abyss:1  | XOM: medium Ice miscast
 18352 | Abyss:1  | Noticed a large abomination
 18391 | Abyss:1  | HP: 2/89 [efreet/fireball (30)]
 18397 | Abyss:1  | Killed from afar by an efreet

Action                   |  1- 3 |  4- 6 |  7- 9 | 10-12 || total
-------------------------+-------+-------+-------+-------++-------
Melee: Falchion          |   117 |   102 |   398 |   441 ||  1058
 Fire: Blowgun           |       |     2 |    10 |       ||    12
Evoke: Wand              |       |       |     4 |    13 ||    17
  Use: Scroll            |     5 |     2 |    10 |     7 ||    24
       Potion            |     1 |     5 |     4 |     3 ||    13
 Stab: Paralysed         |     3 |     1 |       |     8 ||    12
       Sleeping          |       |       |     2 |     1 ||     3
       Petrifying        |       |       |     1 |     5 ||     6
       Confused          |       |       |       |     3 ||     3
       Petrified         |       |       |       |     2 ||     2
       Distracted        |       |       |       |     1 ||     1
  Eat: Chunk             |    18 |     4 |    26 |    22 ||    70
       Pizza             |       |       |       |     1 ||     1
